 Dungeon Crawl Stone Soup version 0.19.1-1-g22dce08 (console) character file.

598 Grinner the Cudgeler (level 7, -2/70 HPs)
             Began as an Ogre Fighter on Jan 21, 2017.
             Slain by a sky beast (5 damage)
             ... on level 5 of the Dungeon.
             The game lasted 00:10:47 (4368 turns).

Grinner the Cudgeler (Ogre Fighter)                 Turns: 4368, Time: 00:10:47

Health: -2/70      AC:  4    Str: 24    XL:     7   Next: 40%
Magic:  7/7        EV: 12    Int:  7    God:
Gold:   206        SH:  0    Dex:  9    Spells: 0 memorised, 6 levels left

rFire  . . .     SeeInvis .     a - +1 giant spiked club
rCold  + . .     Gourm    .     b - +0 robe
rNeg   . . .     Faith    .     (shield currently unavailable)
rPois  .         Spirit   .     (helmet restricted)
rElec  .         Reflect  .     q - +0 cloak
rCorr  .         Harm     .     (gloves unavailable)
MR     .....                    (boots unavailable)
Stlth  +.........               (no amulet)
                                (no ring)
                                v - ring of protection from cold

@: no status effects
A: unfitting armour, tough skin 1
a: no special abilities


You were on level 5 of the Dungeon.
You were hungry.

You visited 1 branch of the dungeon, and saw 5 of its levels.

You collected 206 gold pieces.

Inventory:

Hand Weapons
 a - a +1 giant spiked club (weapon)
Armour
 b - a +0 robe (worn)
 q - a +0 cloak (worn)
Jewellery
 v - a ring of protection from cold (left hand)
Wands
 o - a wand of random effects (23/48)
 p - a wand of acid (0/15)
Scrolls
 e - 4 scrolls of magic mapping {unknown}
 g - 2 scrolls of identify {unknown}
 h - a scroll of amnesia {unknown}
 j - a scroll of blinking {unknown}
 k - a scroll of immolation {unknown}
 n - a scroll of remove curse
 s - a scroll of teleportation {unknown}
 u - a scroll of random uselessness {unknown}
Potions
 c - 2 potions of agility
 d - a potion of might
 t - a potion of haste {unknown}
Comestibles
 f - 6 bread rations
 i - 4 meat rations
 l - a slice of pizza
 m - a beef jerky
 w - a royal jelly


   Skills:
 - Level 4.0 Fighting
 + Level 7.6 Maces & Flails
 + Level 5.6 Dodging
   Level 2.6 Shields


You had 6 spell levels left.
You didn't know any spells.

Dungeon Overview and Level Annotations

Branches:
Dungeon (5/15)
 Temple: D:4-7

Altars:


Innate Abilities, Weirdness & Mutations

You are too large for most types of armour.
You have tough skin. (AC +1)


Message History

The sky beast is heavily wounded.
The sky beast barely misses you.
You completely miss the sky beast.
The sky beast is heavily wounded.
The sky beast barely misses you.
The sky beast flickers out of sight!
Deactivating autopickup; reactivate with Ctrl-A.
Something hits you. Something shocks you.
You barely miss something. Something hits you.
* * * LOW HITPOINT WARNING * * *
Something shocks you.
* * * LOW HITPOINT WARNING * * *
You barely miss something. Something hits you but does no damage.
Something hits you.
* * * LOW HITPOINT WARNING * * *
Something shocks you.
* * * LOW HITPOINT WARNING * * *
It was a potion of magic.
Magic courses through your body. Something hits you.
* * * LOW HITPOINT WARNING * * *
Something shocks you.
You die...

#.##### #.#
##'############
#..............
#..............
#..............
#............##
#..........?.#
####
#......@.....#
#...
#......{...).#
#.##
#............#
#.##
#............#
#.#.
#........)...#
#.#.
#............#
#.#.
##############
#.#< #.#. #...


There were no monsters in sight!

Vanquished Creatures
  An ogre (D:4)
  A scorpion (D:4)
  2 crimson imps
  2 orc priests
  A hound (D:4)
  An orc wizard (D:3)
  A bullfrog skeleton (D:5)
  Ijyb (D:3)
  An iguana (D:4)
  2 hound zombies (D:5)
  A worker ant zombie (D:5)
  3 adders
  2 oozes (D:3)
  A worm (D:2)
  A dart slug (D:1)
  3 leopard geckos (D:3)
  14 orcs
  5 bats
  A giant cockroach (D:3)
  8 goblins
  11 hobgoblins
  13 jackals
  3 ball pythons
  14 frilled lizards
  7 kobolds
  11 rats
111 creatures vanquished.

Notes
Turn   | Place    | Note
-------+----------+-------------------------------------------
     0 | D:1      | Grinner the Ogre Fighter began the quest for the Orb.
     0 | D:1      | Reached XP level 1. HP: 24/24 MP: 1/1
    49 | D:1      | Reached skill level 3 in Maces & Flails
    67 | D:1      | Reached XP level 2. HP: 15/32 MP: 2/2
   789 | D:1      | Reached XP level 3. HP: 38/39 MP: 3/3
  1212 | D:1      | Reached skill level 4 in Maces & Flails
  1354 | D:2      | Reached XP level 4. HP: 36/48 MP: 4/4
  1820 | D:3      | Noticed Ijyb
  1840 | D:3      | Killed Ijyb
  1840 | D:3      | Reached skill level 5 in Maces & Flails
  1974 | D:3      | Reached XP level 5. HP: 32/54 MP: 5/5
  2650 | D:3      | HP: 2/54 [orc wizard/dagger (7)]
  3052 | D:3      | Reached skill level 6 in Maces & Flails
  3052 | D:3      | Reached XP level 6. HP: 52/62 MP: 6/6
  3550 | D:4      | Reached skill level 5 in Dodging
  3567 | D:4      | Reached skill level 7 in Maces & Flails
  3573 | D:4      | Reached XP level 7. HP: 29/70 MP: 7/7
  4070 | D:5      | Entered Level 5 of the Dungeon
  4367 | D:5      | HP: 3/70 [something (6)]
  4368 | D:5      | Slain by a sky beast

Skill      XL: |  1  2  3  4  5  6 |
---------------+-------------------+-----
Maces & Flails | 3 4 5 6 7 |  7.6
Dodging        | 3 4 5 |  5.6
Fighting       | |  4.0
Shields        | |  2.6

Action                   |  1- 3 |  4- 6 |  7- 9 || total
-------------------------+-------+-------+-------++-------
Melee: Flail             |    42 |       |       ||    42
       Mace              |    87 |   258 |     3 ||   348
       Giant spiked club |       |       |    44 ||    44
Evoke: Wand              |       |     3 |     1 ||     4
  Use: Potion            |     4 |     2 |     1 ||     7
       Scroll            |       |     2 |     1 ||     3
  Eat: Chunk             |     1 |     8 |     2 ||    11
Armor: Robe              |    40 |    56 |    18 ||   114
       Skin              |       |    34 |       ||    34
Dodge: Dodged            |    96 |   138 |    41 ||   275
